 Dungeon Crawl Stone Soup version 0.21.1-1-g345015fe64 (webtiles) character file.

50 Khress the Protected (level 3, -3/42 HPs)
             Began as a Gnoll Wanderer on Feb 18, 2018.
             Slain by Terence
             ... wielding a +0 mace
              (5 damage)
             ... on level 2 of the Dungeon.
             The game lasted 00:06:05 (1555 turns).

Khress the Protected (Gnoll Wanderer)               Turns: 1555, Time: 00:06:06

Health: -3/42      AC: 18    Str: 16    XL:     3   Next: 79%
Magic:  4/4        EV:  2    Int: 12    God:
Gold:   30         SH:  0    Dex: 19    Spells: 3/3 levels left

rFire    . . .     SeeInvis .   g - +0 spear
rCold    . . .     Gourm    .   (no shield)
rNeg     + + +     Faith    .   (armour currently unavailable)
rPois    +         Spirit   .   (helmet currently unavailable)
rElec    .         Reflect  .   (cloak currently unavailable)
rCorr    .         Harm     .   (gloves currently unavailable)
MR       .....     NoTele   +   (boots currently unavailable)
Stlth    ++........             l - amulet of inaccuracy (curse)
HPRegen  0.14/turn              m - -3 ring of protection (curse)
MPRegen  0.09/turn              n - -6 ring of evasion (curse)

@: tree-form (expiring)
A: distributed training, agile 1, low mp 1, strong 1, strong nose
a: no special abilities


You were on level 2 of the Dungeon.
You were not hungry.
You were a tree.
You visited 1 branch of the dungeon, and saw 2 of its levels.

You collected 30 gold pieces.

Inventory:

Hand Weapons
 c - a +0 hand crossbow
 e - a +0 club
 g - a +0 spear (weapon)
Missiles
 d - 18 bolts
 i - 19 poisoned needles
 j - 62 stones (quivered)
 p - 11 sling bullets
Armour
 a - a +2 scale mail (melded)
Jewellery
 l - a cursed amulet of inaccuracy (around neck)
 m - a cursed -3 ring of protection (left branch)
 n - a cursed -6 ring of evasion (right branch)
Scrolls
 h - a scroll of teleportation
 k - a scroll of noise
Potions
 b - 2 potions of lignification
Comestibles
 f - a ration


   Skills:
 + Level 2.6 Fighting
 + Level 0.9 Short Blades
 + Level 0.9 Long Blades
 + Level 0.9 Axes
 + Level 2.6 Maces & Flails
 + Level 0.9 Polearms
 + Level 0.9 Staves
 + Level 0.9 Slings
 + Level 0.9 Bows
 + Level 2.6 Crossbows
 + Level 0.9 Throwing
 + Level 10.3 Armour
 + Level 0.9 Dodging
 + Level 0.9 Stealth
 + Level 2.6 Shields
 + Level 0.9 Unarmed Combat
 + Level 0.9 Spellcasting
 + Level 0.6 Conjurations
 + Level 0.6 Hexes
 + Level 0.6 Charms
 + Level 0.6 Summonings
 + Level 0.6 Necromancy
 + Level 0.6 Translocations
 + Level 0.6 Transmutations
 + Level 0.6 Fire Magic
 + Level 0.6 Ice Magic
 + Level 0.6 Air Magic
 + Level 0.6 Earth Magic
 + Level 0.6 Poison Magic
 + Level 1.0 Invocations
 + Level 2.6 Evocations


You had 3 spell levels left.
You didn't know any spells.

Dungeon Overview and Level Annotations

Branches:
Dungeon (2/15)

Altars:

Annotations:
D:2 Terence


Innate Abilities, Weirdness & Mutations

Your experience applies equally to all skills.
((You have very sharp teeth.))
Your uncanny sense of smell can sniff out nearby items.
You are agile. (Dex +2)
Your magical capacity is low. (-10% MP)
Your muscles are strong. (Str +2)


Message History

You hit Terence.
Terence is severely wounded.
Terence hits you with a mace.
* * * LOW HITPOINT WARNING * * *
You miss Terence.
Terence is severely wounded.
Terence hits you but does no damage.
You closely miss Terence.
Terence is severely wounded.
Terence hits you but does no damage.
You barely miss Terence.
Terence is severely wounded.
You hit Terence.
Terence is severely wounded.
Your transformation is almost over.
Terence hits you but does no damage.
You closely miss Terence.
Terence is severely wounded.
Terence hits you with a mace.
You die...

## ## .(. .%
... #. . #.##.
###########
......
#..^......####
.##.#..
#♣#####<.....#
.......###@#
#.#.##.#
....K@.(..K#
#....#...
.###.(######
#.#..#.#..# #.
#.##.#.##.# ..
#.. ...# ..#
## ### .### .#
∆ .. . ..


You could see Terence and a kobold.

Vanquished Creatures
  A worm (D:2)
  3 dart slugs (D:1)
  5 bats (D:1)
  A giant cockroach (D:1)
  4 goblins (D:1)
  8 hobgoblins
  3 jackals (D:1)
  3 frilled lizards (D:1)
  5 kobolds (D:1)
  4 rats (D:1)
37 creatures vanquished.

Notes
Turn   | Place    | Note
-------+----------+-------------------------------------------
     0 | D:1      | Reached skill level 10 in Armour
     0 | D:1      | Khress the Gnoll Wanderer began the quest for the Orb.
     0 | D:1      | Khress set off with: a +2 scale mail, a potion of lignification, a +0 hand crossbow, 22 bolts, a ration
     0 | D:1      | Reached XP level 1. HP: 17/17 MP: 2/2
   143 | D:1      | Reached XP level 2. HP: 23/23 MP: 3/3
   397 | D:1      | Reached XP level 3. HP: 13/28 MP: 4/4
   676 | D:1      | Reached skill level 1 in Invocations
  1509 | D:2      | Noticed Terence
  1531 | D:2      | Gained mutation: Your magical capacity is low. (-10% MP) [potion of mutation]
  1531 | D:2      | Gained mutation: You are agile. (Dex +2) [potion of mutation]
  1531 | D:2      | Gained mutation: Your muscles are strong. (Str +2) [potion of mutation]
  1535 | D:2      | HP: 1/28 [Terence/mace (4)]
  1549 | D:2      | HP: 2/42 [Terence/mace (1)]
  1555 | D:2      | Slain by Terence

Skill      XL: |  1  2  3 |
---------------+----------+-----
Armour         | | 10.3
Invocations    | 1 |  1.0
Fighting       | |  2.6
Short Blades   | |  0.9
Long Blades    | |  0.9
Axes           | |  0.9
Maces & Flails | |  2.6
Polearms       | |  0.9
Staves         | |  0.9
Slings         | |  0.9
Bows           | |  0.9
Crossbows      | |  2.6
Throwing       | |  0.9
Dodging        | |  0.9
Stealth        | |  0.9
Shields        | |  2.6
Unarmed Combat | |  0.9
Spellcasting   | |  0.9
Conjurations   | |  0.6
Hexes          | |  0.6
Charms         | |  0.6
Summonings     | |  0.6
Necromancy     | |  0.6
Translocations | |  0.6
Transmutations | |  0.6
Fire Magic     | |  0.6
Ice Magic      | |  0.6
Air Magic      | |  0.6
Earth Magic    | |  0.6
Poison Magic   | |  0.6
Evocations     | |  2.6

Action                   || total
-------------------------++-------
Melee: Spear             ||   144
       Bite              ||    14
 Fire: Hand crossbow     ||    42
Throw: Stone             ||    16
  Use: Scroll            ||     3
       Potion            ||     2
  Eat: Ration            ||     1
Armor: Scale mail        ||    85
       Skin              ||    14
Dodge: Dodged            ||    48
